 Dungeon Crawl Stone Soup version 0.21-a0-125-gb006224 (webtiles) character file.

1538388 RKaid the Petrodigitator (level 27, 277/277 HPs)
             Began as a Deep Dwarf Earth Elementalist on June 24, 2017.
             Was the Champion of Makhleb.
             Escaped with the Orb
             ... and 3 runes on July 14, 2017!
             The game lasted 11:37:03 (105516 turns).

RKaid the Petrodigitator (DDEE)                   Turns: 105516, Time: 11:37:04

Health: 277/277    AC: 35    Str: 21    XL:     27
Magic:  30/35      EV: 30    Int: 31    God:    Makhleb [******]
Gold:   7371       SH: 13    Dex: 22    Spells: 1/61 levels left

rFire    + + +     SeeInvis +   a - +6 rapier "Deaxoth" {protect, rElec MR+ MP+9 Dex+2}
rCold    . . .     Gourm    .   Q - +2 buckler {AC+3}
rNeg     + . .     Faith    .   n - +6 acid dragon scales
rPois    +         Spirit   .   (helmet restricted)
rElec    +         Reflect  +   Y - +4 dragonskin cloak
rCorr    +         Harm     .   C - +0 pair of gloves "Seyl" {Int+2 Dex+5}
MR       +++++                  E - +2 pair of boots {run}
Stlth    ++........             e - +5 amulet of reflection
HPRegen  0.00/turn              f - ring of Igad {rF+ Str+4 SInv}
MPRegen  0.24/turn              Z - ring "Baiqeol" {*Drain +Blink Str+5 Slay+4 Stlth+}

@: non-regenerating, quick
A: damage resistance, heal wounds, antennae 1, molten scales 1, thin skeletal
structure 1, fire resistance 1, mutation resistance 1, negative energy
resistance 1, sense surroundings 3, shaggy fur 1, no regeneration
0: Orb of Zot
}: 3/15 runes: decaying, serpentine, silver
a: Heal Wounds, Minor Destruction, Lesser Servant of Makhleb, Major Destruction,
Greater Servant of Makhleb, Renounce Religion, Evoke Blink


You escaped.
You worshipped Makhleb.
Makhleb was exalted by your worship.
You were full.

You visited 11 branches of the dungeon, and saw 53 of its levels.
You also visited: Labyrinth, Trove, Bailey and Ice Cave.

You collected 9820 gold pieces.
You spent 2449 gold pieces at shops.

Inventory:

Hand Weapons
 a - the +6 rapier "Deaxoth" (weapon) {protect, rElec MR+ MP+9 Dex+2}
   (You found it on level 8 of the Dungeon)

   It protects the one who uses it against injury (+AC on strike).
   It affects your dexterity (+2).
   It insulates you from electricity.
   It affects your resistance to hostile enchantments.
   It affects your magic capacity (+9).
 b - the +9 flail of Atankuty {pain, Int+3}
   (You found it on level 5 of the Vaults)

   In the hands of one skilled in necromantic magic, it inflicts extra damage on
   living creatures.
   It affects your intelligence (+3).
 q - a +8 vampiric long sword
   (You took it off a vault sentinel on level 5 of the Vaults)
Missiles
 B - 13 throwing nets {=f}
Armour
 n - +6 acid dragon scales (worn)
   (You found it on level 13 of the Dungeon)
 C - the +0 pair of gloves "Seyl" (worn) {Int+2 Dex+5}
   (You acquired it on level 2 of the Orcish Mines)

   It affects your intelligence (+2).
   It affects your dexterity (+5).
 E - a +2 pair of boots of running (worn)
   (You found it on level 12 of the Dungeon)
 F - a +2 helmet of intelligence
   (You found it on level 5 of the Vaults)
 Q - a +2 buckler of protection (worn)
   (You took it off the Enchantress on level 3 of the Depths)
 Y - the +4 dragonskin cloak (worn)
   (You took it off Tiamat on level 4 of the Realm of Zot)
Magical Staves
 w - an uncursed staff of wizardry {wiz+, !a}
   (You found it on level 1 of the Depths)
Jewellery
 c - an uncursed ring of protection from cold {rC+}
   (You found it in an ice cave)
 e - a +5 amulet of reflection (around neck)
   (You found it on level 4 of the Realm of Zot)
 f - the ring of Igad (left hand) {rF+ Str+4 SInv}
   (You found it in a treasure trove)

   [ring of protection from fire]

   It affects your strength (+4).
   It protects you from fire.
   It lets you see invisible.
 O - the ring "Cippim" {rN+ MR+}
   (You took it off a vampire knight on level 3 of the Crypt)

   [ring of positive energy]

   It protects you from negative energy.
   It affects your resistance to hostile enchantments.
 W - an uncursed ring of wizardry {Wiz+}
   (You took it off a deep elf high priest on level 3 of the Elven Halls)
 Z - the ring "Baiqeol" (right hand) {*Drain +Blink Str+5 Slay+4 Stlth+}
   (You found it on level 1 of the Depths)

   [ring of slaying]

   It affects your strength (+5).
   It affects your accuracy and damage with ranged weapons and melee attacks
   (+4).
   It lets you blink.
   It causes draining when unequipped.
   It makes you more stealthy.
Wands
 g - a wand of iceblast (3/15)
   (You found it on level 13 of the Dungeon)
 A - a wand of acid (4/15)
   (You found it on level 2 of the Lair of Beasts)
 D - a wand of digging (17/24)
   (You found it on level 3 of the Lair of Beasts)
Scrolls
 h - 3 scrolls of magic mapping {!r}
 i - 7 scrolls of identify
 o - 21 scrolls of remove curse
 p - 8 scrolls of fog
 u - 10 scrolls of fear
 v - 9 scrolls of recharging
 x - 21 scrolls of teleportation
 y - 6 scrolls of blinking {!r}
 I - a scroll of silence
 L - 5 scrolls of immolation {!r}
 P - 2 scrolls of summoning
Potions
 j - 9 potions of haste
 k - 4 potions of might
 l - 6 potions of ambrosia
 s - 4 potions of cancellation
 z - 10 potions of brilliance
 G - a potion of magic
 H - 4 potions of resistance
 K - 3 potions of invisibility
 N - 15 potions of curing
 R - 8 potions of agility
 U - 11 potions of heal wounds
Miscellaneous
 d - 2 phantom mirrors
 t - a lamp of fire
   (You found it on level 4 of the Lair of Beasts)
 J - a lightning rod (4/4)
   (You found it on level 2 of the Depths)
 T - a sack of spiders
 X - a phial of floods
   (You found it on level 3 of the Elven Halls)
Comestibles
 m - 25 meat rations


   Skills:
 + Level 21.8 Fighting
 - Level 14.5 Short Blades
   Level 5.1(11.3) Axes
 - Level 14.0(14.2) Maces & Flails
 + Level 20.8 Armour
 + Level 19.9 Dodging
 - Level 4.0 Stealth
 - Level 4.0 Shields
 - Level 17.5 Spellcasting
 - Level 5.0 Conjurations
 - Level 7.0 Hexes
 - Level 13.0 Necromancy
 - Level 2.0 Transmutations
 O Level 27 Earth Magic
 - Level 14.0 Invocations
 - Level 8.0 Evocations


You had one spell level left.
You knew the following spells:

 Your Spells              Type           Power        Failure   Level  Hunger
a - Summon Mana Viper     Hex/Summ       #####...     11%         5    None
b - Stone Arrow           Conj/Erth      ######       0%          3    None
c - Lee's Rapid Deconstr  Erth           ########..   0%          5    None
d - Dispel Undead         Necr           #######.     1%          5    None
e - Vampiric Draining     Necr           #######...   1%          3    None
f - Summon Butterflies    Summ           ####....     1%          1    None
x - Bolt of Magma         Conj/Fire/Erth #######...   1%          5    None
A - Passwall              Tmut/Erth      #######...   0%          2    None
B - Blink                 Tloc           N/A          2%          2    None
C - Silence               Hex/Air        #####.....   11%         5    None
D - Animate Dead          Necr           N/A          1%          4    None
E - Control Undead        Necr           #######...   1%          4    None
F - Song of Slaying       Chrm           ####....     2%          2    None
G - Apportation           Tloc           ####..       1%          1    None
H - Passage of Golubria   Tloc           N/A          17%         4    None
S - Shatter               Erth           ########..   4%          9    #######


Dungeon Overview and Level Annotations

Branches:
Dungeon (15/15)            Temple (1/1) D:4            Lair (6/6) D:11
  Swamp (4/4) Lair:4        Snake (4/4) Lair:3        Slime (0/5) Lair:5
    Orc (2/2) D:10            Elf (3/3) Orc:2        Vaults (5/5) D:14
  Crypt (3/3) Vaults:3       Tomb (0/3) Crypt:3      Depths (5/5) D:15
    Zot (5/5) Depths:5

Altars:
Ashenzari
Cheibriados
Dithmenos
Elyvilon
Fedhas
Gozag
Hepliaklqana
Kikubaaqudgha
Makhleb
Nemelex Xobeh
Okawaru
Qazlal
Ru
Sif Muna
Trog
Uskayaw
Vehumet
Wu Jian
Xom
Yredelemnul
Zin
The Shining One
Beogh

Shops:
Orc:2 }?=(:*[*   Elf:3 =   Snake:1 }==   Zot:5 *   Depths:5 *

Portals:
Hell: Depths:1 Depths:2 Depths:3 Depths:4 Depths:5
Abyss: Depths:4
Pandemonium: Depths:3
Ziggurat: Depths:1

Annotations:
D:2 exclusion: Sigmund, Natasha, Sigmund
D:4 1 runed door
D:5 Rrauwl's ghost, novice DrSu
D:15 exclusion: hydra
Lair:3 exclusion: oklob plant
Orc:2 2 runed doors, exclusion: orange crystal statue
Elf:2 3 runed doors


Innate Abilities, Weirdness & Mutations

You are resistant to damage.
You can heal yourself by infusing magical energy.
You resist negative energy. (rN+)
You passively map a large area around you.
You do not regenerate.
You have a pair of small antennae on your head.
You are partially covered in molten scales. (AC +2)
You have a somewhat thin skeletal structure. (Dex +2, Stealth)
Your flesh is heat resistant. (rF+)
You are somewhat resistant to further mutation.
You are covered in fur. (AC +1)


Message History

Press: ? - help, Shift-Dir - straight line The rock shatters into small pieces.
The orc wizard shouts!
An orc comes into view. It is wielding a mace.
The orc shouts!
This wand has 18 charges left.
The orc wizard looks braver for a moment.
You closely miss the orc.
An orc comes into view. It is wielding a trident.
The orc shouts!
You impale the orc!!
Your weapon exudes an aura of protection.
You kill the orc!
Makhleb accepts your kill.
You feel better.
Things that are here:
a mace; an orc corpse You block the orc's attack.
The orc closely misses you. You block the orc's attack.
You block the orc's attack.
There is a stone staircase leading up here.
The neqoxec gestures at you.
Strange energies course through your body.
You feel less energetic. You block the orc's attack.
The orc wizard casts a spell.
The orc wizard flickers and vanishes for a moment.
You climb upwards.
There is a stone staircase leading down here.
Really quaff
V - 2 potions of mutation {!q!q}?
You feel extremely strange.
Your skeletal structure densifies.
Your magical essence is no longer linked to your wands.
You feel healthier.
You feel conductive.
You feel less energetic. A pair of antennae grows on your head!
Your +2 helmet of intelligence falls away!
You feel stupid.
Really quaff
V - a potion of mutation {!q!q}?
You feel extremely strange.
You feel more energetic. x2; You feel resistant to heat.
You feel genetically stable.
There is a stone staircase leading up here.
You climb upwards.
Level annotation: Rrauwl's ghost, novice DrSu
There is a stone staircase leading down here.
The adder hisses angrily.
You impale the adder!!
Your weapon exudes an aura of protection.
You kill the adder!
Makhleb accepts your kill.
You feel better.
You see here an adder corpse.
(D) Dungeon (T) Temple (L) Lair (S) Swamp (P) Snake Pit (M) Slime Pits (O) Orcish Mines (E) Elven Halls (V) Vaults (C) Crypt (W) Tomb (U) Depths (H) Hell (Z) Zot
Where to? (Enter - D:1 @ (x,y), ? - help)
There is a stone staircase leading up here.
You climb upwards.
Level annotation: 1 runed door
There is a stone staircase leading down here.
There is an open door here.
There is a stone staircase leading up here.
You climb upwards.
There is a stone staircase leading down here.
You see here a ring mail.
You see here a short sword.
There is a stone staircase leading up here.
You climb upwards.
Level annotation: exclusion: Sigmund, Natasha, Sigmund
There is a stone staircase leading down here.
You sense a monster nearby.
A kobold comes into view. It is wielding an enchanted dagger.
The kobold shouts!
There is a stone staircase leading up here.
You climb upwards.
There is a stone staircase leading down here.
There is an open door here.
Evoke which item? (* to show all) (? for menu, Esc to quit)
Aiming: Dig
Press: ? - help, Shift-Dir - straight line The rock shatters into small pieces.
This wand has 17 charges left.
A sixfirhy, a chaos spawn, a rust devil and a pandemonium lord come into view.
The chaos spawn gives a hideous shriek!
There is a staircase leading out of the dungeon here.
Casting: Lee's Rapid Deconstruction
Confirm with . or Enter, or press ? or * to list all spells.
A mana viper appears with a sibilant hiss.
Casting: Summon Mana Viper
Confirm with . or Enter, or press ? or * to list all spells.
Mautwif hits your mana viper!!
Okay, then.
You feel much better.
Your mana viper bites Mautwif.
Mautwif hits your mana viper.
Your mana viper bites Mautwif!
You feel much better. Mautwif hits your mana viper!!
Your mana viper dies!
Mautwif hits your butterfly!
Your butterfly dies!
You have escaped!

#.......# ######### #.#####.#
#.......####### #.# #.#
#.####........# ######
#.#####.####.####.######## #.....
................###.....####.####
#.####...###.#####...#.....######
#.# #.....##.####...###.........#
#.####...###..#...### ###...##...
#.......## ####b@b#####.......##.
#######.# ##....b##.....##..###
#.# ##&##...b.....#####...
##'####.###..b#....## ###.
##...##3## ##....#### ## ##
##.....4## ###### # .###[......##
##### ####
.##.........####...###########...
..'.........'....................


You could see Mautwif, a sixfirhy and a chaos spawn.

Vanquished Creatures
  Tiamat (Zot:4)
  3 orbs of fire
  6 ancient liches
  Mara (Depths:2)
  4 juggernauts
  6 Killer Klowns (Zot:5)
  3 curse toes
  Margery (Crypt:2)
  2 caustic shrikes
  Vashnia (Snake:4)
  Xtahua (Crypt:2)
  13 golden dragons
  the Enchantress (Depths:3)
  The ghost of kroki the Warrior, an adept DsWn of Gozag (Vaults:5)
  Jory (Crypt:3)
  3 electric golems
  Jorgrun (Vaults:1)
  24 tentacled monstrosities
  23 Orb Guardians
  2 deep elf blademasters (Elf:3)
  11 titans
  A deep elf master archer (Elf:3)
  7 liches
  11 quicksilver dragons
  Frances (Swamp:1)
  7 death cobs
  2 ancient champions
  7 sphinxes
  2 thorn hunters (Swamp:3)
  9 shadow dragons
  Donald (Swamp:2)
  23 storm dragons
  A draconian monk (Zot:1)
  Kirke (D:12)
  2 azure jellies (Swamp:4)
  6 nagarajas
  5 revenants
  9 tengu reavers
  5 draconian knights
  2 orc warlords (Orc:2)
  12 deep elf sorcerers
  Aizul (Depths:2)
  11 frost giants
  5 iron dragons
  17 fire giants
  8 draconian scorchers
  5 ghost moths
  4 draconian shifters
  Louise (Swamp:1)
  5 deep elf elementalists
  3 draconian annihilators
  13 ironheart preservers
  4 reapers
  16 vault wardens
  11 ghouls
  4 curse skulls
  23 very ugly things
  25 stone giants
  9 draconian stormcallers
  3 war gargoyles
  Nessos (Lair:6)
  2 juggernaut skeletons (Depths:3)
  8 vampire knights
  5 spriggan defenders
  4 entropy weavers
  5 deep elf demonologists
  10 green draconians
  10 black draconians
  15 red draconians
  A spectral titan (Crypt:3)
  5 white draconians
  12 yellow draconians
  9 purple draconians
  9 deep elf annihilators
  A pale draconian (Depths:5)
  The ghost of Ordine the Carver, a journeyman OpFi of Okawaru (Lair:4)
  13 spark wasps
  14 ettins
  9 deep elf death magi
  18 fire dragons
  2 green deaths
  13 eidola
  A minotaur (Lab)
  9 jiangshi
  4 crystal guardians
  A spectral golden dragon (Crypt:3)
  16 yaktaur captains
  A spectral quicksilver dragon (Crypt:3)
  9 great orbs of eyes
  6 deep elf high priests
  36 vault guards
  4 rakshasas
  13 hydras
  Harold (Orc:1)
  A hell beast (Depths:1)
  17 ice dragons
  6 naga warriors
  10 spriggan air magi
  3 ghost crabs
  A two-headed ogre (shapeshifter) (Vaults:1)
  12 anacondas
  A catoblepas (D:15)
  41 two-headed ogres
  12 ogre magi
  10 centaur warriors
  15 alligators
  15 dancing weapons
  13 death knights
  10 deep troll earth magi
  7 tengu warriors
  15 deep troll shamans
  A titan zombie (Crypt:1)
  5 spectral storm dragons (Crypt:3)
  3 orc high priests
  15 naga sharpshooters
  2 spectral dire elephants (Crypt:3)
  7 spriggan berserkers
  7 vampire magi
  Urug (Orc:2)
  9 shock serpents
  A titan skeleton (Crypt:3)
  21 deep elf knights
  A small abomination (Elf:1)
  Sonja (D:14)
  2 sun demons
  6 hell knights (Crypt:2)
  A spectral black draconian (Crypt:3)
  3 soul eaters
  2 salamander mystics
  46 skeletal warriors
  5 iron trolls
  A fire crab (shapeshifter) (Vaults:5)
  26 deep trolls
  6 shadow wraiths (Crypt:3)
  2 unseen horrors (Vaults:1)
  A spark wasp zombie (Depths:2)
  A golden dragon zombie (Crypt:1)
  An obsidian statue (Vaults:1)
  8 glowing orange brains
  7 naga ritualists
  12 wizards
  16 flayed ghosts
  3 spriggan druids
  16 deep elf archers
  2 orange crystal statues (Depths:1)
  A golden dragon skeleton (Depths:1)
  4 swamp dragons
  21 phantasmal warriors
  An anaconda skeleton (Crypt:2)
  2 shadow dragon zombies
  Pikel (D:5)
  22 ironbrand convokers
  8 harpies
  15 necromancers
  19 orc knights
  3 stone giant zombies
  8 mana vipers
  46 ugly things
  7 cyclopes
  3 orc sorcerers
  An iron dragon zombie (Depths:3)
  A manticore (shapeshifter) (Vaults:5)
  A spectral ice dragon (Crypt:3)
  2 frost giant zombies (Crypt:2)
  2 wolf spiders (shapeshifter)
  A salamander (shapeshifter) (Vaults:2)
  2 spectral ettins (Crypt:3)
  2 manticores
  4 wolf spiders
  65 deep elf magi
  A faun (shapeshifter) (Vaults:4)
  22 moths of wrath
  12 salamanders
  13 elephants
  26 black mambas
  2 sphinx skeletons
  A fire giant skeleton (Depths:3)
  3 frost giant skeletons
  4 guardian serpents (Snake:3)
  A centaur zombie (D:10)
  17 vault sentinels
  An elephant (shapeshifter) (Depths:3)
  An iron dragon skeleton (Crypt:2)
  A titan simulacrum (Crypt:1)
  The ghost of Malacante the Magician, a novice DEIE of Vehumet (D:7)
  A gargoyle (D:14)
  A stone giant skeleton (Vaults:5)
  24 naga magi
  A spiny frog (shapeshifter) (Vaults:3)
  3 ice statues (IceCv)
  A rust devil (Depths:2)
  A torpor snail (Lair:6)
  30 spiny frogs
  4 centaur skeletons
  A catoblepas zombie (Crypt:3)
  A dire elephant skeleton (Crypt:3)
  An orange demon (Snake:1)
  A yaktaur zombie (Depths:1)
  A spriggan skeleton (Depths:3)
  5 rime drakes
  34 freezing wraiths
  76 yaktaurs
  An efreet (D:14)
  A rime drake (shapeshifter) (Vaults:1)
  An iron troll zombie (Crypt:2)
  A red draconian zombie (Crypt:1)
  An ice devil (Depths:3)
  2 catoblepas skeletons
  7 komodo dragons
  3 red devils
  A hellwing (Depths:3)
  3 meliai (D:15)
  A spectral harpy (Crypt:3)
  6 trolls
  A death yak skeleton (Crypt:1)
  A sea snake skeleton (Crypt:2)
  3 tengu conjurers
  21 hornets
  3 jumping spiders
  Grinder (D:5)
  A hydra skeleton (Crypt:3)
  12 tyrant leeches
  2 trolls (shapeshifter)
  A frost giant simulacrum (Vaults:3)
  9 bog bodies
  A raiju (shapeshifter) (Vaults:5)
  A spriggan zombie (Depths:1)
  A hippogriff (shapeshifter) (Depths:2)
  24 slime creatures
  An ettin zombie (Depths:1)
  2 ice dragon zombies
  2 human simulacra
  3 fire giant simulacra
  11 hippogriffs
  20 blink frogs (Lair:6)
  8 flying skulls (Crypt:3)
  8 redbacks
  An ettin skeleton (Vaults:2)
  A redback (shapeshifter) (Elf:1)
  A tarantella (shapeshifter) (Vaults:3)
  7 air elementals
  10 spriggans
  A spriggan simulacrum (Depths:2)
  5 wyverns
  13 wraiths
  40 yaks
  11 shadows
  7 water elementals
  An ice dragon skeleton (Crypt:2)
  A basilisk (Lair:5)
  2 fire elementals (Elf:3)
  17 humans (D:14)
  A yak (shapeshifter) (Vaults:3)
  A basilisk (shapeshifter) (Vaults:4)
  2 elf zombies
  3 fire bats (Depths:5)
  Menkaure (D:6)
  12 vampire mosquitoes
  3 hungry ghosts
  A yaktaur simulacrum (Vaults:5)
  A chaos spawn (Depths:3)
  2 humans (shapeshifter)
  3 steam dragons (Depths:5)
  2 swamp worm simulacra (Swamp:4)
  A neqoxec (Depths:5)
  15 insubstantial wisps
  An infernal demonspawn zombie (Crypt:3)
  A spectral spiny frog (Crypt:3)
  16 swamp worms
  A deep troll zombie (Crypt:1)
  8 wargs
  44 nagas
  A soldier ant (D:15)
  A swamp worm (shapeshifter) (Depths:4)
  10 hydra simulacra (Swamp:4)
  5 acid dragons
  7 porcupines
  A spiny frog zombie (Crypt:3)
  25 water moccasins
  A spectral troll (Crypt:3)
  An ogre skeleton (Vaults:1)
  4 floating eyes
  53 orc warriors
  Duvessa (D:4)
  A black bear (shapeshifter) (Vaults:3)
  A floating eye (shapeshifter) (Vaults:1)
  2 sky beasts
  8 swamp drakes
  2 necrophages
  A slave (D:3)
  2 fire dragon simulacra
  31 ogres
  A hornet zombie (Crypt:3)
  4 black bears
  11 ice beasts
  2 ettin simulacra (Vaults:1)
  An ogre (shapeshifter) (Vaults:5)
  4 eyes of draining
  5 phantoms
  2 human zombies
  2 manticore skeletons (Crypt:2)
  A swamp dragon zombie (Crypt:2)
  11 boggarts
  A wolf (shapeshifter) (Depths:4)
  18 wolves
  12 centaurs
  2 human skeletons
  A lindwurm skeleton (Crypt:2)
  An elf skeleton (Vaults:2)
  15 crocodiles
  3 big kobolds
  A gnoll sergeant (D:4)
  34 bullfrogs
  4 earth elementals
  Dowan (D:4)
  A glowing shapeshifter simulacrum (Depths:1)
  5 scorpions
  A troll zombie (Crypt:2)
  11 wights
  10 killer bees (D:10)
  3 electric eels
  A howler monkey (D:12)
  A howler monkey (shapeshifter) (Depths:3)
  7 jellies
  7 crimson imps
  6 hounds
  A bullfrog zombie (D:10)
  16 orc priests
  24 orc wizards
  3 iron imps (Depths:3)
  A soldier ant zombie (Crypt:3)
  2 bullfrog skeletons
  A gnoll shaman (D:7)
  4 iguanas
  13 worker ants
  A dwarf skeleton (Crypt:1)
  A hound skeleton (D:4)
  A worker ant zombie (D:10)
  10 gnolls
  A howler monkey skeleton (D:4)
  17 adders
  4 shadow imps
  2 white imps (Depths:3)
  6 oozes
  4 swamp drake simulacra (Swamp:4)
  An adder skeleton (D:4)
  2 adder zombies (D:7)
  8 worms
  2 barachi skeletons
  2 dart slugs
  5 leopard geckos
  128 orcs
  2 ball pythons
  3 giant cockroaches
  11 goblins
  5 hobgoblins
  9 jackals
  5 quokkas
  3 bats
  7 frilled lizards
  A jackal skeleton (Crypt:1)
  21 kobolds
  A kobold skeleton (Crypt:1)
  A leopard gecko zombie (D:6)
  An orc skeleton (Crypt:2)
  6 rats
  4 fungi
  2 withered plants (Crypt:3)
2715 creatures vanquished.

Vanquished Creatures (collateral kills)
  An orb of fire (Zot:5)
  Nikola (Vaults:1)
  2 tentacled monstrosities
  5 Orb Guardians (Zot:5)
  A lich (Depths:3)
  Asterion (Vaults:1)
  A quicksilver dragon (Zot:2)
  A storm dragon (Zot:2)
  A fire giant (Depths:2)
  A vault warden (Vaults:4)
  2 nagarajas (Snake:4)
  A frost giant (Depths:2)
  2 ironheart preservers
  A stone giant (Depths:4)
  A spriggan defender (Depths:1)
  5 very ugly things
  A black draconian (Zot:2)
  A pale draconian (Depths:5)
  A spark wasp (Depths:1)
  A yaktaur captain (Vaults:1)
  3 naga warriors (Snake:4)
  A fire dragon (Vaults:3)
  2 great orbs of eyes
  4 ice dragons
  A hydra (D:11)
  3 ogre magi
  3 centaur warriors
  A dancing weapon (Elf:2)
  12 two-headed ogres
  A tengu warrior (D:15)
  A deep troll earth mage (Depths:4)
  3 naga sharpshooters (Snake:4)
  A sun demon (Depths:1)
  A spriggan berserker (Depths:4)
  A shadow wraith (Vaults:3)
  2 skeletal warriors (Depths:1)
  An unseen horror (Vaults:1)
  A deep elf archer (Elf:1)
  2 orc knights
  2 deep trolls
  A swamp dragon (Zot:2)
  A phantasmal warrior (Crypt:3)
  6 deep elf magi
  12 ugly things
  A cyclops (D:11)
  A rust devil (Depths:1)
  3 vault sentinels
  A guardian serpent (shapeshifter) (Vaults:3)
  2 elephants (Lair:4)
  2 spiny frogs (Lair:6)
  A komodo dragon (Lair:1)
  5 yaktaurs
  A spriggan skeleton (Depths:1)
  A wind drake (shapeshifter) (Depths:1)
  A queen bee (shapeshifter) (Vaults:2)
  A tyrant leech (Swamp:4)
  A hornet (Swamp:1)
  2 blink frogs (Lair:6)
  5 slime creatures
  2 redbacks (Vaults:1)
  A spriggan (Swamp:1)
  A wyvern (D:8)
  A swamp worm simulacrum (Swamp:4)
  A basilisk (shapeshifter) (Depths:1)
  A yaktaur simulacrum (Depths:1)
  A warg (Vaults:4)
  3 swamp worms
  4 nagas (Snake:4)
  3 insubstantial wisps
  3 water moccasins
  A porcupine (shapeshifter) (Depths:4)
  An orc warrior (Vaults:4)
  3 ogres
  A bullfrog (Lair:6)
  A crimson imp (D:8)
  2 orc priests
  2 iguanas (D:8)
  An orc wizard (D:9)
  A shadow imp (D:11)
  A swamp drake simulacrum (Swamp:4)
  2 orcs
  A plant (Depths:4)
163 creatures vanquished.

Vanquished Creatures (others)
  A deep elf sorcerer (Elf:2)
  An ironheart preserver (Vaults:1)
  A stone giant (Vaults:3)
  A red draconian (Zot:4)
  A purple draconian (Zot:4)
  A vault guard (Vaults:4)
  A centaur warrior (Depths:1)
  2 naga sharpshooters
  2 deep elf knights
  3 deep elf archers
  A wizard (D:14)
  An ironbrand convoker (Vaults:2)
  An orc sorcerer (Orc:2)
  2 deep elf magi (Elf:3)
  3 cyclopes
  4 yaktaurs
  A human (D:12)
  3 vampire mosquitoes (Swamp:4)
  3 nagas
  6 insubstantial wisps (Swamp:4)
  2 slaves (D:5)
  2 centaurs (D:14)
  A scorpion (D:5)
  2 howler monkeys (D:12)
  An orc priest (Orc:1)
  An orc (D:6)
  3 briar patches (Swamp:3)
  A bush (Lair:6)
  29 fungi
  64 plants
  5 spectral weapons
  45 withered plants (Crypt:3)
195 creatures vanquished.

Grand Total: 3073 creatures vanquished

Notes
Turn   | Place    | Note
-------+----------+-------------------------------------------
     0 | D:1      | RKaid the Deep Dwarf Earth Elementalist began the quest for the Orb.
     0 | D:1      | Reached XP level 1. HP: 15/15 MP: 3/3
   568 | D:1      | Reached skill level 2 in Spellcasting
   737 | D:1      | Reached XP level 2. HP: 13/22 MP: 1/5
  1017 | D:2      | Found a stormy altar of Qazlal.
  1031 | D:2      | Found a snail-covered altar of Cheibriados.
  1034 | D:2      | Found a glowing silver altar of Zin.
  1037 | D:2      | Found a bloodstained altar of Trog.
  1304 | D:2      | Reached XP level 3. HP: 16/28 MP: 0/6
  1359 | D:2      | Learned a level 2 spell: Passwall
  1363 | D:2      | Learned a level 3 spell: Stone Arrow
  1371 | D:2      | Noticed Natasha
  1611 | D:2      | Noticed Sigmund
  2044 | D:2      | Found a deep blue altar of Sif Muna.
  2244 | D:3      | Reached skill level 3 in Dodging
  2244 | D:3      | Reached skill level 5 in Earth Magic
  2244 | D:3      | Reached XP level 4. HP: 21/36 MP: 1/8
  2765 | D:4      | Found a stormy altar of Qazlal.
  2791 | D:4      | HP: 8/36 [something/puff of flame (8)]
  2813 | D:4      | Reached skill level 3 in Spellcasting
  2866 | D:4      | Noticed Duvessa
  2881 | D:4      | Noticed a gnoll sergeant
  2898 | D:4      | Reached XP level 5. HP: 20/42 MP: 3/9
  3028 | D:4      | Noticed a slave
  3028 | D:4      | Noticed a slave
  3090 | D:4      | Noticed Dowan
  3162 | D:4      | Reached skill level 4 in Dodging
  3278 | D:4      | Noticed a slave
  3294 | D:3      | Killed a slave
  3420 | D:4      | Noticed a phantom
  3422 | D:4      | Found a staircase to the Ecumenical Temple.
  3446 | D:4      | Killed a phantom
  3446 | D:4      | Reached skill level 6 in Earth Magic
  3446 | D:4      | Reached XP level 6. HP: 40/49 MP: 11/11
  3455 | Temple   | Entered the Ecumenical Temple
  3463 | Temple   | Became a worshipper of Makhleb the Destroyer
  3784 | D:4      | Got a wavering tin amulet
  3871 | D:4      | Killed Duvessa
  3871 | D:4      | Reached skill level 4 in Spellcasting
  3876 | D:4      | HP: 7/49 [Dowan/shard of ice (13)]
  3892 | D:4      | Killed Dowan
  3892 | D:4      | Reached skill level 5 in Dodging
  3892 | D:4      | Reached XP level 7. HP: 27/55 MP: 1/12
  3955 | D:4      | Got a fine mace
  4008 | D:4      | Reached skill level 7 in Earth Magic
  4305 | D:4      | Found a runed door.
  4747 | D:5      | Entered Level 5 of the Dungeon
  4780 | D:5      | Noticed Pikel
  4792 | D:5      | Killed Pikel
  4792 | D:5      | Reached skill level 6 in Dodging
  4792 | D:5      | Reached skill level 5 in Spellcasting
  4792 | D:5      | Reached skill level 8 in Earth Magic
  4792 | D:5      | Reached XP level 8. HP: 25/62 MP: 0/15
  4806 | D:4      | Found a white marble altar of Elyvilon.
  5082 | D:5      | Reached * piety under Makhleb
  5093 | D:5      | Noticed Rrauwl's ghost (novice DrSu)
  5265 | D:5      | HP: 14/62 [something (7)]
  5271 | D:5      | HP: 13/62 [something (9)]
  5271 | D:5      | HP: 6/62 [something (7)]
  5497 | D:5      | Reached skill level 9 in Earth Magic
  5502 | D:5      | Identified the +6 mace of Kalu {freeze, rN+ Str-5 Int+2 SInv} (You found it on level 4 of the Dungeon)
  5507 | D:5      | Noticed an unseen horror
  5662 | D:5      | Reached skill level 1 in Fighting
  5662 | D:5      | Reached skill level 1 in Maces & Flails
  5756 | D:5      | Noticed Grinder
  5756 | D:5      | Upgraded the game from 0.21-a0-82-gdb84782 to 0.21-a0-85-ga0cb861
  5756 | D:5      | Paralysed by Grinder for 6 turns
  5786 | D:5      | Killed Grinder
  5786 | D:5      | Reached skill level 2 in Maces & Flails
  5786 | D:5      | Gained mutation: You passively map the area around you. [Deep Dwarf growth]
  5786 | D:5      | Reached XP level 9. HP: 70/73 MP: 4/14
  5858 | D:5      | Identified the amulet "Jinuy" {RegenMP rPois SInv} (You took it off a gnoll sergeant on level 4 of the Dungeon)
  6183 | D:6      | Noticed Menkaure
  6191 | D:6      | Learned a level 5 spell: Lee's Rapid Deconstruction
  6194 | D:6      | HP: 16/73 [Menkaure (19)]
  6198 | D:6      | Killed Menkaure
  6198 | D:6      | Reached skill level 2 in Fighting
  6198 | D:6      | Reached skill level 1 in Invocations
  6517 | D:6      | Reached skill level 6 in Spellcasting
  6705 | D:7      | Noticed Malacante's ghost (novice DEIE)
  6828 | D:7      | Reached ** piety under Makhleb
  6835 | D:7      | Reached skill level 2 in Invocations
  7156 | D:7      | Killed Malacante's ghost
  7156 | D:7      | Reached skill level 3 in Fighting
  7156 | D:7      | Reached skill level 3 in Maces & Flails
  7156 | D:7      | Reached skill level 3 in Invocations
  7416 | D:8      | Noticed a two-headed ogre
  7428 | D:8      | Noticed a glowing orange brain
  7428 | D:8      | a two-headed ogre changed into a glowing orange brain
  7453 | D:7      | Killed a glowing orange brain
  7453 | D:7      | Reached skill level 4 in Maces & Flails
  7453 | D:7      | Reached skill level 4 in Invocations
  7725 | D:8      | Reached skill level 1 in Axes
  7857 | D:8      | Got a bloodstained rapier
  7877 | D:8      | Reached *** piety under Makhleb
  7891 | D:8      | Noticed a white ugly thing
  7911 | D:8      | Reached skill level 7 in Spellcasting
  7911 | D:8      | Reached skill level 5 in Invocations
  7925 | D:8      | Reached skill level 4 in Fighting
  7978 | D:8      | Noticed a troll
  8065 | D:8      | Killed a white ugly thing
  8065 | D:8      | Reached skill level 2 in Axes
  8065 | D:8      | Reached XP level 10. HP: 80/86 MP: 2/15
  8096 | D:8      | Got a smoking platinum ring
  8198 | D:8      | Identified the ring "Suyb" {Ice rElec rN+++ Str-4 Int-2} (You took it off an orc on level 8 of the Dungeon)
  8245 | D:8      | Got a transparent glass ring
  8533 | D:9      | Found a blossoming altar of Fedhas.
  8533 | D:9      | Found a hazy altar of Hepliaklqana.
  8534 | D:9      | Found a deep blue altar of Sif Muna.
  8542 | D:9      | Reached skill level 6 in Invocations
  8568 | D:9      | Noticed a two-headed ogre
  8578 | D:9      | Killed a two-headed ogre
  8578 | D:9      | Reached skill level 3 in Axes
  8678 | D:9      | Noticed a manticore
  8691 | D:9      | Killed a manticore
  8900 | D:9      | Noticed a two-headed ogre
  9129 | D:9      | Noticed a two-headed ogre
  9142 | D:9      | Killed a two-headed ogre
  9142 | D:9      | Reached skill level 5 in Fighting
  9142 | D:9      | Reached skill level 4 in Axes
  9142 | D:9      | Reached skill level 7 in Dodging
  9142 | D:9      | Reached skill level 7 in Invocations
  9279 | D:9      | Killed a two-headed ogre
  9445 | D:10     | Entered Level 10 of the Dungeon
  9696 | D:10     | Reached skill level 5 in Axes
  9784 | D:10     | Reached XP level 11. HP: 73/97 MP: 0/17
 10040 | D:10     | Reached skill level 8 in Invocations
 10045 | D:10     | Reached skill level 8 in Dodging
 10045 | D:10     | Reached skill level 1 in Transmutations
 10223 | D:10     | Found a staircase to the Orcish Mines.
 10259 | D:10     | Reached skill level 6 in Fighting
 10271 | D:10     | Reached **** piety under Makhleb
 10785 | D:11     | Found a staircase to the Lair.
 10800 | D:11     | Reached skill level 2 in Transmutations
 10835 | D:11     | Identified the ring "Efyufotrann" {rN+ MR+ Dex-5 SInv Stlth+} (You found it on level 8 of the Dungeon)
 10856 | D:11     | Noticed a seven-headed hydra
 10916 | D:11     | Identified the +6 rapier "Deaxoth" {protect, rElec MR+ MP+9 Dex+2} (You found it on level 8 of the Dungeon)
 11019 | D:11     | Got a faintly humming ring mail
 11031 | D:11     | Reached skill level 1 in Conjurations
 11075 | D:11     | Identified the +0 ring mail of Lixky {rC+ Str+2 Stlth+} (You found it on level 11 of the Dungeon)
 11206 | D:11     | Noticed a two-headed ogre
 11216 | D:11     | Killed a two-headed ogre
 11322 | D:11     | HP: 24/98 [cyclops/large rock (41)]
 11541 | D:11     | Killed a seven-headed hydra
 11541 | D:11     | Reached skill level 2 in Conjurations
 11591 | Lair:1   | Entered Level 1 of the Lair of Beasts
 11649 | Lair:1   | Upgraded the game from 0.21-a0-85-ga0cb861 to 0.21-a0-91-ga5031da
 11881 | Lair:1   | HP: 17/99 [komodo dragon (24)]
 11961 | Lair:1   | HP: 21/99 [black mamba (6)]
 11972 | Lair:1   | Reached skill level 1 in Short Blades
 11972 | Lair:1   | Reached skill level 9 in Dodging
 11972 | Lair:1   | Reached skill level 8 in Spellcasting
 11973 | Lair:1   | Reached skill level 7 in Fighting
 12347 | Lair:1   | Reached skill level 2 in Short Blades
 12353 | Lair:1   | Reached skill level 10 in Earth Magic
 12817 | Lair:1   | Reached skill level 3 in Short Blades
 13056 | Lair:2   | Reached XP level 12. HP: 109/109 MP: 18/18
 13064 | Lair:2   | Reached skill level 10 in Dodging
 13449 | Lair:2   | Reached skill level 3 in Conjurations
 13498 | Lair:2   | Reached skill level 4 in Short Blades
 13498 | Lair:2   | Reached skill level 11 in Earth Magic
 13609 | Lair:2   | Identified a scroll of acquirement
 13610 | Lair:2   | Got a slimy shield
 13622 | Lair:2   | Identified the +0 shield of the Endless Expanse {*Corrode rPois Dex+4 SInv} (You acquired it on level 2 of the Lair of Beasts)
 13945 | Lair:3   | Found a staircase to the Snake Pit.
 14136 | Lair:3   | Reached skill level 5 in Short Blades
 14143 | Lair:3   | RKaid: !ac 6
 14143 | Lair:3   | beem: 3.67 armour skill per 1 AC for 6 base AC
 14200 | Lair:3   | Reached ***** piety under Makhleb
 14200 | Lair:3   | Reached skill level 1 in Armour
 14759 | Lair:3   | Reached skill level 2 in Armour
 15194 | Lair:3   | Reached skill level 12 in Earth Magic
 15487 | Lair:3   | Reached skill level 3 in Armour
 15680 | Lair:4   | Found a staircase to the Swamp.
 15695 | Lair:4   | Reached skill level 4 in Armour
 15702 | Lair:4   | Reached skill level 8 in Fighting
 15786 | Lair:4   | Found a frozen archway.
 15798 | IceCv    | Entered an ice cave
 16077 | IceCv    | Reached skill level 9 in Invocations
 16433 | Lair:4   | Noticed Ordine's ghost (journeyman OpFi)
 16489 | Lair:4   | Killed Ordine's ghost
 16489 | Lair:4   | Reached XP level 13. HP: 85/118 MP: 19/19
 17579 | Lair:5   | Reached skill level 9 in Spellcasting
 17579 | Lair:5   | Reached skill level 10 in Invocations
 17616 | Lair:5   | Reached skill level 9 in Fighting
 17642 | Lair:5   | Found a staircase to the Slime Pits.
 17894 | Lair:5   | Reached skill level 1 in Shields
 18009 | Lair:5   | Reached skill level 2 in Shields
 18334 | Lair:6   | Entered Level 6 of the Lair of Beasts
 18450 | Lair:6   | Reached skill level 3 in Shields
 18523 | Lair:6   | Reached skill level 6 in Short Blades
 18566 | Lair:6   | Reached skill level 11 in Invocations
 18584 | Lair:6   | Reached skill level 4 in Shields
 18661 | Lair:6   | HP: 24/121 [tyrant leech (25)]
 18693 | Lair:6   | Noticed Nessos
 18704 | Lair:6   | Killed Nessos
 18839 | Lair:6   | Reached skill level 7 in Short Blades
 18917 | Lair:6   | Reached skill level 12 in Invocations
 19077 | Lair:6   | Gained mutation: You resist negative energy. (rN+) [Deep Dwarf growth]
 19077 | Lair:6   | Reached XP level 14. HP: 59/129 MP: 20/20
 19268 | Lair:6   | Reached ****** piety under Makhleb
 19405 | Lair:6   | Reached skill level 11 in Dodging
 19759 | Lair:6   | Got a topaz-encrusted ring mail
 20714 | D:12     | Noticed Kirke
 20721 | D:12     | Killed Kirke
 20867 | D:12     | Reached skill level 8 in Short Blades
 21067 | D:12     | Identified a +0 pair of boots of running (You found it on level 12 of the Dungeon)
 21164 | D:12     | Found a flagged portal.
 21180 | Bailey   | Entered a bailey
 21426 | Bailey   | HP: 27/130 [orc knight/trident (32)]
 21684 | Bailey   | HP: 11/130 [orc warrior/bardiche (25)]
 21824 | Bailey   | HP: 27/130 [orc knight/trident (13)]
 22269 | D:13     | Reached skill level 10 in Fighting
 22448 | D:13     | Reached skill level 1 in Evocations
 22657 | D:13     | Reached skill level 10 in Spellcasting
 22737 | D:13     | Reached skill level 2 in Evocations
 23078 | D:14     | Reached skill level 3 in Evocations
 23099 | D:14     | Reached skill level 12 in Dodging
 23179 | D:14     | Reached skill level 9 in Short Blades
 23195 | D:14     | Reached skill level 4 in Evocations
 23205 | D:14     | Noticed Sonja
 23211 | D:14     | Killed Sonja
 23326 | D:14     | Reached skill level 5 in Armour
 23391 | D:14     | Reached XP level 15. HP: 138/138 MP: 21/21
 23504 | D:14     | Reached skill level 5 in Evocations
 23712 | D:13     | RKaid: !ac 10
 23712 | D:13     | beem: 2.2 armour skill per 1 AC for 10 base AC
 23910 | D:14     | Found a gate to the Vaults.
 24107 | D:14     | Identified the +0 ring mail of Riskeewn {rN+ Str+3} (You found it on level 6 of the Lair of Beasts)
 24320 | D:14     | Reached skill level 6 in Armour
 24326 | D:14     | Reached skill level 6 in Evocations
 24463 | D:14     | Reached skill level 3 in Stealth
 24751 | D:14     | Reached skill level 4 in Stealth
 24953 | D:15     | Entered Level 15 of the Dungeon
 25028 | D:15     | Found a sacrificial altar of Ru.
 25074 | D:15     | Reached skill level 7 in Armour
 25145 | D:15     | Found a labyrinth entrance.
 25151 | D:15     | Reached skill level 10 in Short Blades
 25187 | Lab      | Entered a labyrinth
 25705 | D:15     | Reached skill level 8 in Armour
 25982 | D:15     | Reached skill level 7 in Evocations
 25982 | D:15     | Reached XP level 16. HP: 135/146 MP: 22/22
 26228 | D:15     | Found a staircase to the Depths.
 26799 | Orc:1    | Entered Level 1 of the Orcish Mines
 26876 | Orc:1    | Noticed Harold
 26917 | Orc:1    | Killed Harold
 27046 | Orc:1    | Reached skill level 11 in Short Blades
 27362 | Orc:2    | Entered Level 2 of the Orcish Mines
 27381 | Orc:2    | Found a staircase to the Elven Halls.
 27528 | Orc:2    | Noticed Urug
 28053 | Orc:2    | Found a roughly hewn altar of Beogh.
 28163 | Orc:2    | Killed Urug
 28163 | Orc:2    | Reached XP level 17. HP: 120/154 MP: 11/23
 28409 | Orc:2    | Found Jenaxoup's Antique Weapon Shop.
 28432 | Orc:2    | Found Veigraru's Jewellery Shop.
 28462 | Orc:2    | Found Jiakhlaa's Antique Armour Shop.
 28466 | Orc:2    | Found Liashre's General Store.
 28515 | Orc:2    | Found Ebluwk's Gadget Shop.
 28688 | Orc:2    | Found Wucaoseo's Magic Scroll Emporium.
 28918 | Orc:2    | Bought the ring "Nus Esh" {rElec rPois Dex+4 Stlth+} for 678 gold pieces
 28938 | Orc:2    | Found Pastoka's Book Shoppe.
 28946 | Orc:2    | Merkmirnix: hey beem
 29020 | Orc:2    | Found Tewifoam's Assorted Antiques.
 29026 | Orc:2    | Found a runed door.
 29028 | Orc:2    | Bought a pair of runed gloves for 210 gold pieces
 29028 | Orc:2    | Bought a scroll of identify for 56 gold pieces
 29078 | Orc:2    | Found a runed door.
 29173 | Orc:2    | Bought a scroll of identify for 30 gold pieces
 29338 | Orc:2    | RKaid: !joke
 29338 | Orc:2    | RKaid: !meme
 29338 | Orc:2    | RKaid: !ac 2314
 29338 | Orc:2    | beem: 0.01 armour skill per 1 AC for 2314 base AC
 29338 | Orc:2    | RKaid: !ac 1
 29338 | Orc:2    | beem: 22.0 armour skill per 1 AC for 1 base AC
 29737 | Swamp:1  | Entered Level 1 of the Swamp
 30406 | Swamp:1  | Noticed Frances
 30449 | Swamp:1  | Gained mutation: Potions are less effective at restoring your health. [a neqoxec]
 30457 | Swamp:1  | Killed Frances
 30500 | Swamp:1  | Reached skill level 11 in Fighting
 30538 | Swamp:1  | Noticed Louise
 30913 | Swamp:1  | Killed Louise
 31138 | Swamp:2  | Noticed Donald
 31191 | Swamp:2  | HP: 14/157 [Donald/pitted long sword {venom} (36)]
 31196 | Swamp:2  | HP: 38/157 [Donald/pitted long sword {venom} (21)]
 31248 | Swamp:2  | Killed Donald
 31250 | Swamp:2  | Got a pitted long sword {venom}
 31297 | Swamp:2  | Reached skill level 11 in Spellcasting
 31431 | Swamp:2  | Found a bloodstained altar of Trog.
 31610 | Swamp:2  | Reached skill level 13 in Invocations
 31676 | Swamp:2  | Reached skill level 4 in Conjurations
 32126 | Swamp:3  | Reached skill level 12 in Short Blades
 32153 | Swamp:3  | Identified the +5 long sword of Evil {venom, +Fly rF+} (You took it off Donald on level 2 of the Swamp)
 32310 | Swamp:3  | Upgraded the game from 0.21-a0-91-ga5031da to 0.21-a0-92-g7bf63f6
 32847 | Swamp:3  | Got a dull robe
 32948 | Swamp:3  | Reached skill level 8 in Evocations
 32995 | Swamp:3  | Identified the cursed +1 robe "Luydos" {rElec rPois} (You found it on level 3 of the Swamp)
 33153 | Swamp:4  | Entered Level 4 of the Swamp
 34013 | Swamp:4  | HP: 36/157 [six-headed hydra simulacrum (5)]
 34013 | Swamp:4  | HP: 13/157 [six-headed hydra simulacrum (13)]
 34237 | Snake:1  | Entered Level 1 of the Snake Pit
 34276 | Snake:1  | Found Wopteusas's Jewellery Boutique.
 34279 | Snake:1  | Found Nias's Gadget Emporium.
 34280 | Snake:1  | Found Fenosh's Jewellery Boutique.
 34343 | Snake:1  | Reached skill level 14 in Invocations
 34518 | Snake:1  | Reached skill level 13 in Dodging
 34756 | Snake:1  | Found a basalt altar of Yredelemnul.
 35388 | Snake:1  | Gained mutation: You passively map a large area around you. [Deep Dwarf growth]
 35388 | Snake:1  | Reached XP level 18. HP: 57/165 MP: 14/22
 35788 | Snake:2  | HP: 38/165 [naga warrior/flail (4)]
 36070 | Snake:2  | Reached skill level 12 in Spellcasting
 36384 | Snake:2  | HP: 31/165 [naga warrior/dire flail (19)]
 36389 | Snake:2  | HP: 26/165 [naga warrior/dire flail (1)]
 36701 | Snake:2  | Upgraded the game from 0.21-a0-92-g7bf63f6 to 0.21-a0-94-gdd6ab6a
 37336 | Snake:3  | Reached skill level 12 in Fighting
 38036 | Snake:3  | Reached skill level 13 in Short Blades
 38065 | Snake:3  | HP: 41/168 [naga sharpshooter/bolt (3)]
 39675 | Orc:2    | Bought 28 stones for 33 gold pieces
 39675 | Orc:2    | Bought 14 stones for 16 gold pieces
 39675 | Orc:2    | Bought a scroll of fog for 24 gold pieces
 39704 | Orc:2    | Bought a scroll of blinking for 112 gold pieces
 39704 | Orc:2    | Bought a scroll of teleportation for 45 gold pieces
 39720 | Orc:2    | Bought a scroll of acquirement for 780 gold pieces
 39725 | Orc:2    | Got a pair of brightly glowing gloves
 39726 | Orc:2    | Identified the +0 pair of gloves "Seyl" {Int+2 Dex+5} (You acquired it on level 2 of the Orcish Mines)
 39782 | Orc:2    | Bought a steaming war axe for 187 gold pieces
 39782 | Orc:2    | Bought a translucent broad axe for 198 gold pieces
 39784 | Orc:2    | Identified the +7 war axe "Goetafith" {chop, *Slow MP+9 Str+8 Stlth+} (You bought it in a shop on level 2 of the Orcish Mines)
 39785 | Orc:2    | Identified the +2 broad axe of Fyxzihef {flame, rPois Str+3 Int+3} (You bought it in a shop on level 2 of the Orcish Mines)
 40062 | Snake:4  | Entered Level 4 of the Snake Pit
 40505 | Snake:4  | Upgraded the game from 0.21-a0-94-gdd6ab6a to 0.21-a0-104-g7b58145
 40537 | Snake:4  | Identified the +2 dagger of Defence by Offence {holy, rElec rF+ rN+ Stlth+} (You found it on level 4 of the Snake Pit)
 40601 | Snake:4  | Identified the +9 glaive "Loresas" {speed, Int+4} (You found it on level 4 of the Snake Pit)
 40608 | Snake:4  | Learned a level 2 spell: Song of Slaying
 40612 | Snake:4  | Learned a level 3 spell: Spectral Weapon
 40884 | Snake:4  | Reached skill level 13 in Fighting
 41464 | Snake:4  | Reached skill level 14 in Short Blades
 41786 | Snake:4  | Noticed Vashnia
 41794 | Snake:4  | Upgraded the game from 0.21-a0-104-g7b58145 to 0.21-a0-110-g8e1637b
 41794 | Snake:4  | RKaid: !greaterplayer
 41794 | Snake:4  | RKaid: ??greaterplayer
 41794 | Snake:4  | beem: Unwon backgrounds for RKaid: Air Elementalist, Arcane Marksman, Artificer, Assassin, Chaos Knight, Earth Elementalist, Enchanter, Fire Elementalist, Ice Elementalist, Necromancer, Skald, Summoner, Transmuter, Venom Mage, Wanderer, Warper
 41794 | Snake:4  | beem: greaterplayer[1/3]: Players who have won every currently available to play race and class. Lifetime membership once you get in!
 41794 | Snake:4  | RKaid: !greatplayer
 41794 | Snake:4  | beem: Unwon species for RKaid: Barachi, Deep Dwarf, Demigod, Draconian, Felid, Formicid, Ghoul, Gnoll, Halfling, Human, Kobold, Merfolk, Mummy, Naga, Octopode, Ogre, Spriggan, Tengu, Vampire, Vine Stalker
 41944 | Snake:4  | Reached skill level 1 in Hexes
 41954 | Snake:4  | Reached XP level 19. HP: 88/180 MP: 18/22
 41973 | Snake:4  | Killed Vashnia
 41981 | Snake:4  | Reached skill level 2 in Hexes
 42134 | Snake:4  | Got a serpentine rune of Zot
 42165 | Snake:4  | HP: 45/180 [shock serpent (4)]
 42305 | Snake:4  | HP: 41/180 [shock serpent/bolt of electricity (5)]
 42670 | Snake:3  | Learned a level 4 spell: Animate Dead
 42675 | Snake:3  | Learned a level 4 spell: Control Undead
 43430 | Swamp:4  | Got a decaying rune of Zot
 43787 | Elf:1    | Entered Level 1 of the Elven Halls
 43811 | Orc:2    | Reached skill level 3 in Hexes
 43889 | Elf:1    | Reached skill level 1 in Necromancy
 44166 | Elf:1    | Reached skill level 2 in Necromancy
 44242 | Elf:1    | Reached skill level 14 in Fighting
 44272 | Elf:1    | Reached skill level 3 in Necromancy
 44462 | Elf:1    | Reached skill level 13 in Earth Magic
 44923 | Elf:1    | Reached skill level 4 in Necromancy
 45757 | Elf:2    | Reached skill level 5 in Necromancy
 46124 | Elf:2    | Reached skill level 14 in Earth Magic
 46323 | Elf:2    | Found a runed gate.
 46323 | Elf:2    | Found a runed gate.
 46335 | Elf:2    | Found a runed gate.
 46665 | Elf:3    | Entered Level 3 of the Elven Halls
 47074 | Elf:3    | Found Qattam's Jewellery Shoppe.
 47277 | Elf:3    | Reached skill level 15 in Earth Magic
 47488 | Elf:3    | Reached skill level 13 in Spellcasting
 47488 | Elf:3    | Reached XP level 20. HP: 165/190 MP: 18/24
 47629 | Elf:3    | Reached skill level 9 in Armour
 48057 | Elf:3    | Got a fine chain mail
 48060 | Elf:3    | Identified the cursed +1 chain mail "Dunk" {Str+5} (You took it off a deep elf high priest on level 3 of the Elven Halls)
 48820 | Elf:3    | Identified the Collected Works on Aerial Talismans
 48825 | Elf:3    | Identified the Incunabulum of Icy Transformation
 48886 | Elf:3    | Learned a level 5 spell: Dispel Undead
 48906 | Elf:3    | Learned a level 9 spell: Shatter
 48915 | Elf:3    | Identified the Almanac of Attacks
 48924 | Elf:3    | Learned a level 5 spell: Bolt of Magma
 49251 | Vaults:1 | Entered Level 1 of the Vaults
 49274 | Vaults:1 | Reached skill level 10 in Armour
 49277 | Vaults:1 | RKaid: !ac 10
 49277 | Vaults:1 | beem: 2.2 armour skill per 1 AC for 10 base AC
 49426 | Vaults:1 | Reached skill level 14 in Dodging
 49449 | Vaults:1 | Noticed Jorgrun
 49477 | Vaults:1 | Killed Jorgrun
 49717 | Vaults:1 | Noticed Nikola
 49730 | Vaults:1 | Killed Nikola
 50041 | Vaults:1 | Learned a level 2 spell: Blink
 50208 | Vaults:1 | Reached skill level 6 in Necromancy
 50501 | Vaults:1 | Reached skill level 5 in Conjurations
 50691 | Vaults:1 | Reached skill level 11 in Armour
 50946 | Vaults:1 | Noticed Asterion
 50951 | Vaults:1 | Upgraded the game from 0.21-a0-110-g8e1637b to 0.21-a0-111-g52d2817
 51017 | Vaults:1 | Reached skill level 7 in Necromancy
 51259 | Vaults:1 | Reached skill level 16 in Earth Magic
 52197 | Vaults:1 | Killed Asterion
 52274 | Vaults:1 | Reached skill level 17 in Earth Magic
 52313 | Vaults:1 | Reached XP level 21. HP: 162/199 MP: 11/25
 53164 | Vaults:1 | Upgraded the game from 0.21-a0-111-g52d2817 to 0.21-a0-113-g6841d05
 53213 | Vaults:2 | Reached skill level 18 in Earth Magic
 54139 | Vaults:2 | Found a portal to a secret trove of treasure.
 54599 | Vaults:2 | Reached skill level 19 in Earth Magic
 55506 | Vaults:3 | Gained mutation: Your mind is acute. (Int +2) [mutagenic meat]
 55507 | Vaults:3 | Gained mutation: You are resistant to electric shocks. (rElec) [mutagenic meat]
 55508 | Vaults:3 | Gained mutation: You have a pair of small horns on your head. [mutagenic meat]
 55509 | Vaults:3 | Gained mutation: Your system is resistant to poisons. (rPois) [mutagenic meat]
 55666 | Vaults:3 | Gained mutation: You have a somewhat thin skeletal structure. (Dex +2, Stealth) [mutagenic meat]
 55670 | Vaults:3 | Gained mutation: Your spells are a little harder to cast, but a little more powerful. [mutagenic meat]
 55671 | Vaults:3 | Gained mutation: Your spells are harder to cast, but more powerful. [mutagenic meat]
 56156 | Vaults:3 | Reached skill level 20 in Earth Magic
 56378 | Vaults:3 | Found a staircase to the Crypt.
 56378 | Vaults:3 | Found an ancient bone altar of Kikubaaqudgha.
 56379 | Vaults:3 | Found a basalt altar of Yredelemnul.
 58068 | D:14     | Reached XP level 22. HP: 208/208 MP: 24/24
 58305 | Vaults:4 | Reached skill level 21 in Earth Magic
 58330 | Vaults:4 | Reached skill level 14 in Spellcasting
 59143 | Vaults:4 | Reached skill level 15 in Fighting
 59174 | Vaults:4 | Gained mutation: You are partially covered in slimy green scales. (AC +2) [mutagenic meat]
 60689 | Depths:1 | Entered Level 1 of the Depths
 60699 | D:15     | Reached skill level 22 in Earth Magic
 61300 | Depths:1 | Found a gateway to a ziggurat.
 61610 | Depths:1 | Reached skill level 15 in Dodging
 61612 | Depths:1 | Found a gateway to Hell.
 62108 | Depths:1 | Found a runed door.
 62544 | Depths:1 | Got a glittering steel ring
 62545 | Depths:1 | Identified the ring "Baiqeol" {*Drain +Blink Str+5 Slay+4 Stlth+} (You found it on level 1 of the Depths)
 62556 | Depths:1 | Learned a level 1 spell: Apportation
 62649 | Depths:2 | Noticed Mara
 62744 | Depths:2 | Reached skill level 23 in Earth Magic
 63079 | Depths:2 | Killed Mara
 63079 | Depths:2 | Reached XP level 23. HP: 219/219 MP: 17/26
 63434 | Depths:2 | Noticed a juggernaut
 63451 | Depths:2 | Reached skill level 16 in Fighting
 63487 | Depths:2 | Killed a juggernaut
 63881 | Depths:2 | Noticed Aizul
 63918 | Depths:2 | Killed Aizul
 64005 | Depths:2 | Found a shattered altar of Ashenzari.
 64776 | Depths:3 | Reached skill level 24 in Earth Magic
 64922 | Depths:3 | Found a one-way gate leading to the halls of Pandemonium.
 65021 | Depths:3 | Noticed the Enchantress
 65027 | Depths:3 | Killed the Enchantress
 65040 | Depths:3 | Got faerie dragon scales
 65043 | Depths:3 | Identified the +2 faerie dragon scales {*Slow rC+ MR++ rCorr SInv} (You took it off the Enchantress on level 3 of the Depths)
 65138 | Depths:3 | Got a slimy robe
 65186 | Depths:3 | Identified the +0 robe of Entitlement {rF+ rC+} (You found it on level 3 of the Depths)
 66025 | Depths:3 | Found a transporter.
 66447 | Depths:3 | Got a warped garnet amulet
 66474 | Depths:3 | Reached skill level 15 in Spellcasting
 66492 | Depths:3 | Found a transporter.
 66558 | Depths:3 | Got a scorched garnet amulet
 66560 | Depths:3 | Noticed a caustic shrike
 66586 | Depths:3 | Killed a caustic shrike
 66586 | Depths:3 | Reached skill level 25 in Earth Magic
 66772 | Depths:3 | Identified the amulet "Qoerrig" {Faith rElec rPois MR+ Str+2} (You found it on level 3 of the Depths)
 66773 | Depths:3 | Identified the amulet of Lenuvog {+Rage rC- rN+ Int+4} (You found it on level 3 of the Depths)
 67229 | Depths:3 | Found a glowing silver altar of Zin.
 67903 | Depths:4 | Reached skill level 26 in Earth Magic
 67942 | Depths:4 | Paralysed by a floating eye for 4 turns
 67953 | Depths:4 | Reached XP level 24. HP: 175/229 MP: 12/27
 68255 | Depths:4 | Noticed a juggernaut
 68295 | Depths:4 | Killed a juggernaut
 68303 | Depths:4 | Found a basalt altar of Yredelemnul.
 68303 | Depths:4 | Found a shadowy altar of Dithmenos.
 68454 | Depths:4 | Found a sparkling altar of Nemelex Xobeh.
 68513 | Depths:4 | Found a one-way gate to the infinite horrors of the Abyss.
 68774 | Depths:4 | Reached skill level 27 in Earth Magic
 69187 | Depths:4 | Noticed a caustic shrike
 69191 | Depths:4 | Killed a caustic shrike
 69548 | Depths:4 | Identified the Grimoire of Lucky Conjuration
 69714 | Depths:4 | Reached skill level 12 in Armour
 70039 | Depths:4 | Noticed a juggernaut
 70195 | Depths:4 | Killed a juggernaut
 70771 | D:11     | Learned a level 5 spell: Silence
 71223 | Depths:5 | Entered Level 5 of the Depths
 71752 | Depths:5 | Noticed a juggernaut
 72094 | Depths:5 | Upgraded the game from 0.21-a0-113-g6841d05 to 0.21-a0-122-g43b3ea6
 72327 | Depths:5 | Reached skill level 13 in Armour
 72926 | Depths:5 | Found Ypuidd's Serpentskin Sales.
 73204 | Depths:5 | Reached XP level 25. HP: 238/240 MP: 21/27
 73235 | Depths:5 | Reached skill level 17 in Fighting
 74302 | Depths:3 | Reached skill level 16 in Spellcasting
 75092 | Depths:5 | Killed a juggernaut
 75972 | Depths:5 | Found a gate to the Realm of Zot.
 76010 | Depths:5 | Reached skill level 14 in Armour
 76601 | Vaults:5 | Entered Level 5 of the Vaults
 76953 | Vaults:5 | Noticed kroki's ghost (adept DsWn)
 77085 | Vaults:5 | Noticed an ancient lich
 77086 | Vaults:5 | Killed an ancient lich
 77087 | Vaults:5 | Reached skill level 15 in Armour
 77088 | Vaults:5 | Reached skill level 18 in Fighting
 77362 | Vaults:5 | Reached skill level 4 in Hexes
 77363 | Vaults:5 | Reached skill level 17 in Spellcasting
 77561 | Vaults:4 | Reached XP level 26. HP: 132/253 MP: 1/29
 77760 | Vaults:4 | Reached skill level 5 in Hexes
 77828 | Vaults:5 | Killed kroki's ghost
 78321 | Vaults:5 | Got a blackened plate armour
 78322 | Vaults:5 | Identified the +10 plate armour of the Gusle {rElec rCorr} (You found it on level 5 of the Vaults)
 78552 | Vaults:5 | Reached skill level 6 in Hexes
 78581 | Vaults:5 | Got a steaming platinum ring
 78582 | Vaults:5 | Identified the ring of Ytoataec {Ice *Drain +Inv Str+7} (You found it on level 5 of the Vaults)
 78709 | Vaults:5 | Noticed an ancient lich
 78715 | Vaults:5 | Killed an ancient lich
 79351 | Vaults:5 | Got a silver rune of Zot
 79356 | Vaults:5 | Identified the +5 leather armour "Tafa" {+Blink Str+3 Int-4} (You found it on level 5 of the Vaults)
 79396 | Vaults:5 | Identified the +9 flail of Atankuty {pain, Int+3} (You found it on level 5 of the Vaults)
 79548 | Vaults:5 | Learned a level 3 spell: Vampiric Draining
 79572 | Vaults:5 | Reached skill level 7 in Hexes
 80204 | Vaults:5 | Reached skill level 8 in Necromancy
 80868 | Vaults:2 | You paid a toll of +2 gold dragon scales to enter a treasure trove
 80869 | Trove    | Entered a treasure trove
 80878 | Trove    | Got a transparent marble ring
 80886 | Trove    | Got a translucent brass amulet
 80891 | Trove    | Got a faintly glowing amber ring
 80893 | Trove    | Got a warped copper ring
 80895 | Trove    | Got a smoking ivory ring
 80898 | Trove    | Got a sparkling jade amulet
 80939 | Vaults:2 | Identified the amulet of Enaver {Gourm +Fly Dex+3} (You found it in a treasure trove)
 80957 | Vaults:2 | Identified the amulet of Attitude {Spirit rF+ rN+ Dex-2} (You found it in a treasure trove)
 80963 | Vaults:2 | Identified the ring of the Chupacabra {EV+3 Str+5 Dex-4} (You found it in a treasure trove)
 80969 | Vaults:2 | Identified the ring of Disaster {Fire Str+2} (You found it in a treasure trove)
 80990 | Vaults:2 | Identified the ring "Sareuloa" {AC+2 Dex+4} (You found it in a treasure trove)
 80995 | Vaults:2 | Identified the ring of Igad {rF+ Str+4 SInv} (You found it in a treasure trove)
 81377 | Zot:1    | Entered Level 1 of the Realm of Zot
 81880 | Zot:1    | Reached skill level 5 in Maces & Flails
 82022 | Zot:1    | Reached skill level 9 in Necromancy
 82579 | Zot:1    | Reached skill level 6 in Maces & Flails
 83104 | Zot:2    | Reached skill level 10 in Necromancy
 83107 | Zot:2    | Reached skill level 7 in Maces & Flails
 83139 | Zot:2    | HP: 81/382 [storm dragon (26)]
 83144 | Zot:2    | HP: 60/382 [storm dragon (5)]
 83280 | Zot:2    | HP: 47/255 [quicksilver dragon/bolt of dispelling energy (32)]
 83350 | Zot:2    | Noticed an orb of fire
 83984 | Crypt:1  | Entered Level 1 of the Crypt
 84287 | Crypt:1  | Reached skill level 8 in Maces & Flails
 84287 | Crypt:1  | Reached XP level 27. HP: 264/264 MP: 5/27
 84300 | Crypt:1  | Reached skill level 16 in Armour
 84714 | Crypt:1  | Got a flickering lapis lazuli ring
 84721 | Crypt:1  | Identified the ring "Cadgh" {rF- MP+9 Int+3 Stlth+} (You found it on level 1 of the Crypt)
 84812 | Crypt:1  | Reached skill level 19 in Fighting
 85458 | Crypt:2  | Noticed Xtahua
 85463 | Crypt:2  | Killed Xtahua
 86299 | Crypt:2  | Reached skill level 16 in Dodging
 86501 | Crypt:2  | Got a pair of translucent boots
 86502 | Crypt:2  | Identified the +0 pair of boots "Cacael" {rC+ MR- rCorr Dex+2} (You acquired it on level 2 of the Crypt)
 86529 | Crypt:2  | Got a twisted chain mail
 86530 | Crypt:2  | Identified the +12 chain mail of the Leaf {MR++} (You found it on level 2 of the Crypt)
 86638 | Crypt:2  | Noticed Margery
 86641 | Crypt:2  | Killed Margery
 86879 | Crypt:2  | Got a slimy fustibalus
 87537 | Crypt:3  | Entered Level 3 of the Crypt
 87862 | Crypt:3  | Reached skill level 17 in Armour
 87870 | Crypt:3  | Got a flickering ivory ring
 87931 | Crypt:3  | Identified the ring "Cippim" {rN+ MR+} (You took it off a vampire knight on level 3 of the Crypt)
 88008 | Crypt:3  | Noticed an ancient lich
 88018 | Crypt:3  | Killed an ancient lich
 88135 | Crypt:3  | Got a faintly glowing robe
 88140 | Crypt:3  | Identified the +1 robe of Dulo Kocych {+Inv rF- rN+++ Int-2} (You found it on level 3 of the Crypt)
 88627 | Crypt:3  | Found a staircase to the Tomb.
 89382 | Crypt:3  | Reached skill level 17 in Dodging
 90418 | Crypt:3  | Noticed Jory
 90446 | Crypt:3  | Killed Jory
 90467 | Crypt:3  | Reached skill level 20 in Fighting
 91255 | Crypt:3  | Identified the Compendium of Dark Magic
 91257 | Crypt:3  | RKaid: ??excruciating wounds
 91257 | Crypt:3  | beem: excruciating wounds[1/2]: Bestows a temporary {pain brand} on a non-{artefact} weapon. Level 5 nec/charms, in the {book of Death}. Pain branding is as loud as slamming a door when berserked.
 91257 | Crypt:3  | RKaid: ??excruciating wounds[2
 91257 | Crypt:3  | beem: excruciating wounds[2/2]: excruciating wounds is a pain
 91439 | Crypt:3  | Reached skill level 18 in Armour
 91833 | Crypt:3  | Found a staircase to the Tomb.
 93008 | Vaults:5 | Identified the +7 fustibalus "Piacuh" {velocity, +Fly rC- rN+} (You took it off a vampire knight on level 2 of the Crypt)
 94065 | Zot:2    | Reached skill level 9 in Maces & Flails
 94069 | Zot:2    | Reached skill level 18 in Dodging
 94469 | Zot:2    | Got a translucent hat
 94472 | Zot:2    | Identified the +2 hat "Suydotru" {+Blink rC- rCorr} (You found it on level 2 of the Realm of Zot)
 94568 | Zot:2    | Gained mutation: You are occasionally teleported next to monsters. [an orb of fire]
 94582 | Zot:1    | Killed an orb of fire
 94582 | Zot:1    | Reached skill level 10 in Maces & Flails
 95038 | D:10     | Lost mutation: Your mind is acute. (Int +2) [potion of mutation]
 95038 | D:10     | Lost mutation: You have a pair of small horns on your head. [potion of mutation]
 95038 | D:10     | Lost mutation: You are partially covered in slimy green scales. (AC +2) [potion of mutation]
 95038 | D:10     | Lost mutation: Your spells are harder to cast, but more powerful. [potion of mutation]
 95038 | D:10     | Lost mutation: Your spells are a little harder to cast, but a little more powerful. [potion of mutation]
 95038 | D:10     | Gained mutation: You have sharp toenails. [potion of mutation]
 95038 | D:10     | Gained mutation: You have a moderately thin skeletal structure. (Dex +4, Stealth+) [potion of mutation]
 96894 | Zot:2    | Reached skill level 11 in Necromancy
 97122 | Zot:2    | Reached skill level 11 in Maces & Flails
 97559 | Zot:3    | Reached skill level 19 in Armour
 98037 | Zot:3    | Reached skill level 12 in Maces & Flails
 99107 | Zot:3    | Reached skill level 13 in Maces & Flails
 99435 | Zot:4    | Noticed Tiamat
 99929 | Zot:4    | Killed Tiamat
100011 | Zot:4    | Reached skill level 14 in Maces & Flails
100176 | Zot:4    | RKaid: ??dragonskin cloak
100176 | Zot:4    | beem: dragonskin cloak[1/1]: Tiamat's new +4 cloak after mean people took away her {GDA}. When worn, every hit has 50% chance to be affected as if you had 1 more pip in relevant resistances. Resistances affected: rF, rC, rElec, rPois, rNapalm, rN.
100176 | Zot:4    | Lost mutation: You have a moderately thin skeletal structure. (Dex +4, Stealth+) [potion of mutation]
100176 | Zot:4    | Lost mutation: You have sharp toenails. [potion of mutation]
100176 | Zot:4    | Lost mutation: Potions are less effective at restoring your health. [potion of mutation]
100176 | Zot:4    | Gained mutation: You tend to lose your temper in combat. [potion of mutation]
100176 | Zot:4    | Gained mutation: Your spells are a little harder to cast, but a little more powerful. [potion of mutation]
100176 | Zot:4    | Gained mutation: You are robust. (+10% HP) [potion of mutation]
100177 | Zot:4    | Lost mutation: You are robust. (+10% HP) [potion of mutation]
100177 | Zot:4    | Lost mutation: You tend to lose your temper in combat. [potion of mutation]
100177 | Zot:4    | Lost mutation: Your spells are a little harder to cast, but a little more powerful. [potion of mutation]
100177 | Zot:4    | Lost mutation: Your system is resistant to poisons. (rPois) [potion of mutation]
100177 | Zot:4    | Lost mutation: You are occasionally teleported next to monsters. [potion of mutation]
100177 | Zot:4    | Gained mutation: Your flesh is cold resistant. (rC+) [potion of mutation]
100177 | Zot:4    | Gained mutation: Your muscles are strong. (Str +2) [potion of mutation]
101632 | Zot:5    | Entered Level 5 of the Realm of Zot
101641 | Zot:5    | Got an ichor-stained scale mail
101642 | Zot:5    | Identified the +1 scale mail of Ismeirok {Dex+4} (You found it on level 5 of the Realm of Zot)
101657 | Zot:5    | Found Xazo's Changing Room.
101673 | Zot:5    | Bought a potion of mutation for 80 gold pieces
101913 | Zot:5    | Reached skill level 21 in Fighting
101932 | Zot:5    | Reached skill level 12 in Necromancy
102422 | Zot:5    | Noticed an ancient lich
102522 | Zot:5    | Noticed an orb of fire
102523 | Zot:5    | Upgraded the game from 0.21-a0-122-g43b3ea6 to 0.21-a0-125-gb006224
102525 | Zot:5    | Gained mutation: You tend to lose your temper in combat. [an orb of fire]
102526 | Zot:5    | Lost mutation: Your muscles are strong. (Str +2) [an orb of fire]
102548 | Zot:5    | Gained mutation: You often lose your temper in combat. [an orb of fire]
102552 | Zot:5    | Gained mutation: You are frail. (-10% HP) [an orb of fire]
102562 | Zot:5    | Noticed an ancient lich
102592 | Zot:5    | Gained mutation: Your body sometimes deteriorates upon taking damage. [an orb of fire]
102596 | Zot:5    | Gained mutation: Your magical capacity is low. (-10% MP) [an orb of fire]
102955 | Depths:1 | Learned a level 1 spell: Summon Butterflies
102961 | Depths:1 | Learned a level 5 spell: Summon Mana Viper
102966 | Depths:1 | Learned a level 4 spell: Passage of Golubria
103625 | Zot:5    | Killed an ancient lich
103651 | Zot:5    | Killed an ancient lich
103863 | Zot:5    | Lost mutation: You often lose your temper in combat. [potion of mutation]
103863 | Zot:5    | Lost mutation: You are frail. (-10% HP) [potion of mutation]
103863 | Zot:5    | Lost mutation: Your magical capacity is low. (-10% MP) [potion of mutation]
103863 | Zot:5    | Gained mutation: Armour fits poorly on your strangely shaped body. [potion of mutation]
103863 | Zot:5    | Gained mutation: You are partially covered in molten scales. (AC +2) [potion of mutation]
103863 | Zot:5    | Gained mutation: You have a moderately thin skeletal structure. (Dex +4, Stealth+) [potion of mutation]
103864 | Zot:5    | Lost mutation: Your flesh is cold resistant. (rC+) [potion of mutation]
103864 | Zot:5    | Lost mutation: You tend to lose your temper in combat. [potion of mutation]
103864 | Zot:5    | Lost mutation: Armour fits poorly on your strangely shaped body. [potion of mutation]
103864 | Zot:5    | Lost mutation: Your body sometimes deteriorates upon taking damage. [potion of mutation]
103864 | Zot:5    | Gained mutation: You are covered in fur. (AC +1) [potion of mutation]
103864 | Zot:5    | Gained mutation: Your muscles are strong. (Str +2) [potion of mutation]
103918 | Zot:5    | Noticed an orb of fire
103967 | Zot:5    | Gained mutation: You expend magic power (3 MP) to strengthen your wands. [an orb of fire]
103976 | Zot:5    | Killed an orb of fire
103976 | Zot:5    | Reached skill level 19 in Dodging
103976 | Zot:5    | Reached skill level 13 in Necromancy
104002 | Zot:5    | Lost mutation: Your muscles are strong. (Str +2) [an orb of fire]
104018 | Zot:5    | Killed an orb of fire
104018 | Zot:5    | Reached skill level 20 in Armour
104067 | Zot:5    | Noticed an orb of fire
104089 | Zot:5    | Gained mutation: Your body sometimes deteriorates upon taking damage. [an orb of fire]
104117 | Zot:5    | Killed an orb of fire
104559 | Zot:5    | Noticed an ancient lich
104574 | Zot:5    | Killed an ancient lich
104887 | Zot:5    | Got the Orb of Zot
105399 | D:7      | Gained mutation: Your magical capacity is low. (-10% MP) [a neqoxec]
105401 | D:6      | Lost mutation: You have a moderately thin skeletal structure. (Dex +4, Stealth+) [potion of mutation]
105401 | D:6      | Lost mutation: You expend magic power (3 MP) to strengthen your wands. [potion of mutation]
105401 | D:6      | Lost mutation: Your body sometimes deteriorates upon taking damage. [potion of mutation]
105401 | D:6      | Lost mutation: You are resistant to electric shocks. (rElec) [potion of mutation]
105401 | D:6      | Gained mutation: Your magical capacity is very low. (-20% MP) [potion of mutation]
105401 | D:6      | Gained mutation: You have a pair of small antennae on your head. [potion of mutation]
105404 | D:6      | Lost mutation: Your magical capacity is very low. (-20% MP) [potion of mutation]
105404 | D:6      | Lost mutation: Your magical capacity is low. (-10% MP) [potion of mutation]
105404 | D:6      | Gained mutation: Your flesh is heat resistant. (rF+) [potion of mutation]
105404 | D:6      | Gained mutation: You are somewhat resistant to further mutation. [potion of mutation]
105505 | D:1      | Noticed Mautwif the pandemonium lord
105516 | D:$      | Escaped with the Orb!

Vault maps used:
D:1:      dpeg_arrival_round_c
D:2:      grunt_temple_overflow_cloverleaf, first_bread, led_sif_pool,
          uniq_natasha, uniq_sigmund
D:3:      minmay_misc_feat_encased
D:4:      corexii_shack_village, nicolae_overflow_hidden_temple, temple_hall,
          minmay_gold_behind_fungi, grunt_qazlal_sundering,
          uniq_crazy_yiuf_cottage, uniq_duvessa, uniq_pikel
D:5:      uniq_grinder
D:6:      serial_park_tiny_pond, hangedman_decor_growths, uniq_menkaure
D:8:      hangedman_little_slice_of_home, minmay_radiant
D:9:      gammafunk_temple_overflow_claw
D:10:     orc_0_dummy
D:11:     lair_entry_dummy
D:12:     enter_bailey_3, serial_bayou_ford_a, uniq_kirke
D:13:     hive_lemuel
D:14:     minmay_wizard_corner, grunt_vaults_entry_tiered,
          hangedman_abyss_or_decor_stagger, uniq_sonja
D:15:     grunt_enter_depths_giant_problem, lab_entry_generic,
          nicolae_ru_sacrificial_ziggurat
Temple:   dpeg_chambers_temple
Lair:1:   serial_bayou_pond_a, beast_lair_carwin_3, grunt_megastairs_5,
          infiniplex_staircase_pool, lemuel_fruit_fields
Lair:2:   serial_bayou_pond_b, serial_bayou_shore_a, grunt_megastairs_3
Lair:3:   minmay_snake_entry_six_corridors, small_statue_intersection,
          serial_bayou_shore_b, infiniplex_staircase_pool_2, lemuel_fruit_fields
Lair:4:   swamp_mist_pool, portal_ice_cave_rime
Lair:5:   slime_dummy
Lair:6:   minmay_lair_end_frog_pond, nicolae_volcano_entry_hallway, uniq_nessos
Swamp:1:  evilmike_swamp_ruin_house_1, swamp_pool1, uniq_frances, uniq_louise
Swamp:2:  basic_altar, uniq_donald
Swamp:3:  hangedman_swamp_ruin_wall, swamp_pool4
Swamp:4:  swamp_icy
Snake:1:  serial_bayou_pond_e, lemuel_altar_in_water2, minmay_shop_grove
Snake:3:  st_stairs_5, grunt_ministairs_4, nrook_guardian_serpent_ordinary
Snake:4:  minmay_snake_end_coiled, grunt_ministairs_9, uniq_vashnia
Orc:1:    uniq_josephine, uniq_harold
Orc:2:    grunt_orc_cross, serial_shops, nicolae_shop_waterfront,
          nicolae_shop_crystal, shop_fountains, shop,
          chequers_guarded_unrand_ignorance
Elf:1:    minmay_elf_arrival_summoners, hangedman_elf_represent
Elf:2:    lemuel_flamethrower_hall
Elf:3:    minmay_elf_hall_x, serial_shops,
          nicolae_shop_temple_entry_statues_fountains
Vaults:1: ontoclasm_vaults_spin, nicolae_vaults_theta, ontoclasm_vaults_gateway,
          nicolae_vaults_statue_guard, v_alt_pattern_5, vaults_room_fancy_cross,
          hangedman_vaults_stagger, v_misc_28, vaults_room_door_ring,
          vaults_room_hallway, nicolae_vaults_yaktaur_gun_rack,
          vaults_room_hallway, nicolae_vaults_triangles, ontoclasm_vaults_twist,
          uniq_asterion, uniq_jorgrun, uniq_nikola
Vaults:2: vaults_room_grunt_arrival_checkpoint, hangedman_vaults_capsules,
          nicolae_vaults_stairing_the_circle, v_misc_11,
          nicolae_vaults_windows_and_doors_thing, vaults_dpeg_encased_lava,
          vaults_mumra_chevron, v_misc_30, nicolae_vaults_angled_halls,
          nicolae_vaults_circle_grid_b, nicolae_vaults_little_squares_5,
          vaults_room_stairs_pillars, nicolae_trove_entry_crossroad
Vaults:3: v_rooms_1, v_misc_26, nicolae_vaults_twisting_passages, v_misc_27,
          ontoclasm_vaults_bender, minmay_crypt_entry_necro_gods,
          vaults_room_door_hall, ontoclasm_vaults_loading_screen, v_misc_3,
          ontoclasm_vaults_ring_small, st_lattice,
          nicolae_vaults_ring_of_whatevers
Vaults:4: grunt_vaults_swirl, hangedman_vaults_maws, v_misc_29,
          nicolae_vaults_hallways_thing, nicolae_vaults_three_branches,
          v_misc_13, v_misc_29, nicolae_vaults_gold_heap,
          nicolae_vaults_little_squares_4, vaults_mumra_hex,
          ontoclasm_vaults_shout, nicolae_vaults_diagonal_hallway_7,
          vaults_dpeg_doors, nicolae_vaults_diagonal_hallway_8
Crypt:2:  uniq_margery, uniq_xtahua
Crypt:3:  due_elkab, st_shrine_of_skulls, uniq_jory
Depths:1: kennysheep_blocky_hall, enter_ziggurat_a, corexii_leaking_fountain,
          grunt_mini_vestibule, serial_bayou_pond_b, spider_trap, st_stairs_1,
          minivault_16, minmay_crystal_box
Depths:2: lemuel_traditional_vault, grunt_hell_entry_dis_mu, dk_noncrumbling_4,
          evilmike_ruin_ashenzari, uniq_aizul, uniq_mara
Depths:3: gammafunk_the_bubble, hangedman_coc_ice_floe, grunt_pan_entry_zigzag,
          lemuel_crystal_altar, evilmike_butchery,
          infiniplex_staircase_squiggle, uniq_enchantress
Depths:4: hangedman_slaughterboxes, hell_entry, abyss_entry
Depths:5: evilmike_zot_entry_gauntlet, hell_entry, hangedman_glass_teeth,
          nicolae_twisting_strands, guppyfry_shop_venom
Zot:2:    kennysheep_spiral_hall, hangedman_snake_sidewinding
Zot:4:    lemuel_draconian_sentries, uniq_tiamat
Zot:5:    nicolae_transmutations_shop
Lab:      labyrinth_spiral, nicolae_lab_plus
Trove:    trove_jewel_2
Bailey:   bailey_polearm_5, bailey
IceCv:    ice_cave_statue_garden_chambered

Skill      XL: |  1  2  3  4  5  6  7  8  9 10 11 12 13 14 15 16 17 18 19 20 21 22 23 24 25 26 27 |
---------------+----------------------------------------------------------------------------------+-----
Spellcasting   | 2 3 4 5 7 8 9 10 11 12 13 14 15 17 | 17.5
Dodging        | 3 4 5 6 7 9 10 12 13 14 15 19 | 19.9
Earth Magic    | 5 6 8 9 10 12 15 17 20 23 26 27 | 27.0
Fighting       | 1 4 5 7 8 9 10 11 13 14 15 16 18 21 | 21.8
Maces & Flails | 2 4 8 14 | 14.0
Invocations    | 5 7 8 9 12 14 | 14.0
Axes           | 2 5 |  5.1
Transmutations | 2 |  2.0
Conjurations   | 2 3 4 5 |  5.0
Short Blades   | 3 5 7 9 10 11 12 14 | 14.5
Armour         | 4 5 8 11 13 15 20 | 20.8
Shields        | 4 |  4.0
Evocations     | 4 7 8 |  8.0
Stealth        | 4 |  4.0
Hexes          | 1 3 4 7 |  7.0
Necromancy     | 5 7 10 13 | 13.0

Action                   |  1- 3 |  4- 6 |  7- 9 | 10-12 | 13-15 | 16-18 | 19-21 | 22-24 | 25-27 || total
-------------------------+-------+-------+-------+-------+-------+-------+-------+-------+-------++-------
Melee: Short sword       |    42 |       |       |       |       |       |       |       |       ||    42
       War axe           |       |   104 |   105 |       |       |       |       |       |       ||   209
       Mace              |       |       |   166 |       |    17 |    43 |       |       |       ||   226
       Unarmed           |       |       |     3 |       |       |       |       |       |       ||     3
       Hand axe          |       |       |   132 |   327 |       |       |       |       |       ||   459
       Rapier            |       |       |       |   432 |  1539 |  2246 |  2458 |  1592 |  1588 ||  9855
       Broad axe         |       |       |       |       |    10 |    75 |       |       |     7 ||    92
       Headbutt          |       |       |       |       |       |       |   114 |   543 |   577 ||  1234
       Flail             |       |       |       |       |       |       |       |       |  1240 ||  1240
Throw: Javelin           |       |       |       |     7 |     2 |       |       |       |       ||     9
 Cast: Sandblast         |    49 |    39 |    26 |   123 |   189 |   277 |    57 |    40 |    29 ||   829
       Stone Arrow       |       |     7 |    52 |   102 |   104 |   178 |   133 |    94 |   116 ||   786
       Lee's Rapid Decon |       |       |     1 |    19 |    23 |    30 |   131 |   258 |   304 ||   766
       Passwall          |       |       |       |       |     3 |       |       |       |     2 ||     5
       Animate Dead      |       |       |       |       |       |       |    24 |    31 |    18 ||    73
       Spectral Weapon   |       |       |       |       |       |       |    10 |       |       ||    10
       Dispel Undead     |       |       |       |       |       |       |    21 |    30 |   263 ||   314
       Bolt of Magma     |       |       |       |       |       |       |    21 |    15 |       ||    36
       Blink             |       |       |       |       |       |       |     5 |    10 |     4 ||    19
       Control Undead    |       |       |       |       |       |       |     1 |       |     2 ||     3
       Song of Slaying   |       |       |       |       |       |       |     1 |       |       ||     1
       Shatter           |       |       |       |       |       |       |       |       |    24 ||    24
       Vampiric Draining |       |       |       |       |       |       |       |       |     8 ||     8
       Summon Mana Viper |       |       |       |       |       |       |       |       |    11 ||    11
       Silence           |       |       |       |       |       |       |       |       |     2 ||     2
       Summon Butterflie |       |       |       |       |       |       |       |       |     1 ||     1
Invok: Lesser Servant of |       |       |     2 |     6 |     6 |    11 |     4 |     1 |       ||    30
       Minor Destruction |       |       |       |     3 |     1 |       |       |       |       ||     4
       Major Destruction |       |       |       |       |       |     3 |       |     2 |       ||     5
       Greater Servant o |       |       |       |       |       |     1 |     2 |     4 |     5 ||    12
 Abil: Heal Wounds       |       |     6 |    19 |     7 |    10 |    20 |     6 |     7 |    23 ||    98
       Evoke Blink       |       |       |       |       |       |       |       |       |     3 ||     3
Evoke: Wand              |       |       |     2 |     3 |    12 |    19 |     9 |     4 |    14 ||    63
       Lamp of fire      |       |       |       |       |       |       |     1 |       |       ||     1
       Phantom mirror    |       |       |       |       |       |       |       |       |     1 ||     1
  Use: Scroll            |     1 |     4 |    14 |    17 |    12 |    23 |     4 |     7 |    45 ||   127
       Potion            |       |     1 |       |       |     2 |     3 |       |     1 |    14 ||    21
 Stab: Sleeping          |     1 |       |     5 |     4 |    11 |     8 |    16 |     4 |     5 ||    54
       Petrified         |       |       |       |       |     1 |       |       |       |       ||     1
       Paralysed         |       |       |       |       |       |     4 |       |       |       ||     4
       Distracted        |       |       |       |       |       |     5 |    25 |    21 |    20 ||    71
  Eat: Chunk             |     5 |     5 |     2 |    15 |    18 |    20 |    29 |    18 |    12 ||   124
       Royal jelly       |       |       |     3 |     2 |     3 |     4 |    11 |     2 |     4 ||    29
       Meat ration       |       |       |     1 |     2 |       |       |       |       |    17 ||    20
       Fruit             |       |       |    13 |     4 |     3 |     5 |     4 |     4 |     5 ||    38
       Bread ration      |       |       |       |       |     2 |     5 |     3 |     5 |     3 ||    18
Armor: Robe              |     9 |    12 |       |       |       |       |       |       |       ||    21
       Ring mail         |       |    30 |       |       |       |       |       |       |       ||    30
       Leather armour    |       |       |   138 |   252 |   255 |       |       |       |       ||   645
       Skin              |       |       |     1 |       |       |       |       |       |       ||     1
       Acid dragon scale |       |       |       |       |   110 |   586 |   398 |   265 |   744 ||  2103
Dodge: Dodged            |    50 |    81 |   352 |   778 |  1133 |  1452 |  1059 |   837 |  2045 ||  7787
Block: Other             |       |    14 |    88 |   155 |    39 |       |       |       |       ||   296
       Reflection        |       |       |     2 |       |    29 |    59 |    75 |    24 |    31 ||   220
       Buckler           |       |       |       |       |   635 |   966 |   818 |   569 |  1291 ||  4279

Table legend:
 A = Turns spent in this place as a percentage of turns spent in the entire game.
 B = Non-inter-level travel turns spent in this place as a percentage of non-inter-level travel turns spent in the entire game.
 C = Inter-level travel turns spent in this place as a percentage of turns spent in this place.
 D = Turns resting spent in this place as a percentage of non-inter-level travel turns spent in this place.
 E = Turns spent auto-exploring this place as a percentage of non-inter-level travel turns spent in this place.
 F = Non-inter-level travel turns spent in this place divided by the number of levels of this place that you've seen.
                   A       B       C       D       E      F
               +-------+-------+-------+-------+-------+----------------------
         Total | 100.0 | 100.0 |   0.6 |   3.4 |   2.9 | 729.7
       Dungeon |  19.4 |  19.4 |   0.8 |   2.3 |   3.6 | 537.1
        Temple |   0.1 |   0.1 |   3.0 |   0.0 |  50.0 |  32.0
          Lair |   8.4 |   8.4 |   0.6 |   1.7 |   3.5 | 583.7
         Swamp |   6.1 |   6.1 |   0.6 |   2.0 |   2.6 | 631.8
     Snake Pit |   7.4 |   7.4 |   0.5 |   4.5 |   2.3 | 766.2
  Orcish Mines |   3.3 |   3.3 |   0.5 |   2.0 |   4.6 | 688.5
   Elven Halls |   6.4 |   6.4 |   0.4 |   2.4 |   2.1 | 883.0
        Vaults |  15.9 |  15.9 |   0.8 |   2.6 |   3.1 | 1321.0
         Crypt |   6.6 |   6.7 |   0.2 |   8.0 |   2.9 | 923.3
        Depths |  12.6 |  12.6 |   0.8 |   5.1 |   2.6 | 1045.2
           Zot |  11.7 |  11.8 |   0.6 |   3.8 |   1.7 | 977.6
     Labyrinth |   0.5 |   0.5 |   0.0 |   0.9 |   0.0 | 212.0
         Trove |   0.1 |   0.1 |   0.0 |   0.0 |   0.0 |  33.0
        Bailey |   1.2 |   1.2 |   0.0 |   1.6 |   0.8 | 503.0
      Ice Cave |   0.4 |   0.4 |   0.0 |  10.1 |   0.7 | 148.0
               +-------+-------+-------+-------+-------+----------------------

Table legend:
 A = Kills in this place as a percentage of kills in entire the game.
 B = Kills by you in this place as a percentage of kills by you in the entire game.
 C = Kills by friends in this place as a percentage of kills by friends in the entire game.
 D = Other kills in this place as a percentage of other kills in the entire game.
 E = Experience gained in this place as a percentage of experience gained in the entire game.
 F = Experience gained in this place divided by the number of levels of this place that you have seen.
                   A       B       C       D       E      F
               +-------+-------+-------+-------+-------+----------------------
         Total | 100.0 | 100.0 | 100.0 | 100.0 | 100.0 | 36266.7
       Dungeon |  16.9 |  17.4 |   8.6 |  17.2 |   4.7 | 6475.7
          Lair |   8.5 |   8.6 |   6.8 |   0.0 |   2.9 | 9974.8
         Swamp |   5.1 |   5.0 |   6.8 |   0.0 |   2.9 | 15202.5
     Snake Pit |   6.3 |   6.1 |   7.4 |  17.2 |   5.0 | 25747.5
  Orcish Mines |   3.7 |   4.0 |   0.0 |   3.4 |   0.9 | 9607.0
   Elven Halls |   5.6 |   5.5 |   4.3 |  17.2 |   5.5 | 37647.7
        Vaults |  21.0 |  19.9 |  37.0 |  31.0 |  23.1 | 95486.0
         Crypt |   8.8 |   9.3 |   0.6 |   0.0 |  10.3 | 70645.3
        Depths |  14.4 |  14.1 |  21.0 |   6.9 |  21.0 | 86794.6
           Zot |   7.9 |   7.9 |   7.4 |   6.9 |  23.3 | 96168.6
     Labyrinth |   0.1 |   0.1 |   0.0 |   0.0 |   0.1 | 1696.0
        Bailey |   1.4 |   1.5 |   0.0 |   0.0 |   0.2 | 5132.0
      Ice Cave |   0.4 |   0.4 |   0.0 |   0.0 |   0.2 | 3251.0
               +-------+-------+-------+-------+-------+----------------------
